 Dungeon Crawl Stone Soup version 0.18.1-47-g9310371 (webtiles) character file.

4 shklvsk the Caller (level 1, 0/13 HPs)
             Began as a Merfolk Summoner on June 23, 2016.
             Killed from afar by a dart slug (4 damage)
             ... with a slug dart
             ... on level 1 of the Dungeon.
             The game lasted 00:01:44 (103 turns).

shklvsk the Caller (Merfolk Summoner)                Turns: 103, Time: 00:01:44

Health: 0/13       AC:  2    Str:  8    XL:     1   Next: 70%
Magic:  3/3        EV: 13    Int: 14    God:
Gold:   0          SH:  0    Dex: 14    Spells: 1 memorised, 3 levels left

rFire  . . .     SeeInvis .     d - +0 whip
rCold  . . .     Gourm    .     a - +0 robe
rNeg   . . .     Faith    .     (no shield)
rPois  .         Spirit   .     (no helmet)
rElec  .         Dismiss  .     (no cloak)
rCorr  .         Reflect  .     (no gloves)
SustAt .         Harm     .     (no boots)
MR     .....                    (no amulet)
Stlth  ++........               (no ring)
                                (no ring)

@: not resistant to hostile enchantments, unstealthy
A: change form in water, swift swim
a: no special abilities


You were on level 1 of the Dungeon.
You were not hungry.

You visited 1 branch of the dungeon, and saw 1 of its levels.

Inventory:

Hand Weapons
 d - a +0 whip (weapon)
   (You found it on level 1 of the Dungeon)
Armour
 a - a +0 robe (worn)
 i - a +0 helmet
   (You found it on level 1 of the Dungeon)
Scrolls
 h - a scroll of identify {unknown}
Potions
 e - 2 potions of cure mutation {unknown}
 g - a potion of curing {unknown}
Books
 b - a book of Callings
Comestibles
 c - a bread ration {@e1}
 f - a meat ration {@e2}


   Skills:
 + Level 2.9 Dodging
 + Level 2.2 Stealth
 - Level 2.1 Spellcasting
 + Level 4.0 Summonings


You had 3 spell levels left.
You knew the following spells:

 Your Spells              Type           Power        Failure   Level  Hunger
a - Summon Small Mammal   Summ           ##..         4%          1    ##.....


Dungeon Overview and Level Annotations

Branches:
Dungeon (1/15)

Altars:


Message History

Welcome, shklvsk the Merfolk Summoner.
It is said that the Orb of Zot exists deep within this dungeon, but nobody has ever found it.
Found a meat ration and a whip.
Found an escape hatch in the floor.
Found a staircase leading out of the dungeon.
d - a whip Unknown command.
Wield which item (- for none, * to show all)? (? for menu, Esc to quit)
d - a +0 whip (weapon)
Wield which item (- for none, * to show all)? (? for menu, Esc to quit)
You are already wielding that!
Unknown command.
Unknown command.
Unknown command.
f - a meat ration {@e2} You open the door.
There is an open door here.
You open the door.
A goblin comes into view. It is wielding a dagger.
There is an open door here.
You closely miss the goblin. The goblin closely misses you.
You barely miss the goblin. The goblin closely misses you.
You hit the goblin but do no damage. The goblin hits you but does no damage.
You hit the goblin. The goblin hits you but does no damage.
You hit the goblin.
You kill the goblin!
No target in view!
No target in view!
Things that are here:
a dagger; a goblin corpse You open the door.
There is an open door here.
You open the door.
There is an open door here.
You open the door.
There is an open door here.
A hobgoblin comes into view. It is wielding a club.
The hobgoblin barely misses you.
You hit the hobgoblin.
The hobgoblin hits you but does no damage.
You closely miss the hobgoblin. The hobgoblin misses you.
You hit the hobgoblin but do no damage. The hobgoblin misses you.
You closely miss the hobgoblin. The hobgoblin closely misses you.
You closely miss the hobgoblin. The hobgoblin barely misses you.
You barely miss the hobgoblin. The hobgoblin barely misses you.
You barely miss the hobgoblin.
The hobgoblin hits you but does no damage.
You barely miss the hobgoblin.
The hobgoblin hits you but does no damage.
You hit the hobgoblin.
You kill the hobgoblin!
No target in view!
Things that are here:
a club; a hobgoblin corpse A giant gecko comes into view.
You closely miss the giant gecko. The giant gecko closely misses you.
You hit the giant gecko but do no damage.
The giant gecko closely misses you. The giant gecko barely misses you.
You hit the giant gecko. The giant gecko misses you.
You hit the giant gecko.
You kill the giant gecko!
No target in view!
No target in view!
e - 2 fizzy cyan potions
g - a viscous orange potion
h - a scroll labeled KIVILABESK Unknown command.
Unknown command.
You see here a giant gecko corpse.
A dart slug comes into view.
A hobgoblin comes into view. It is wielding a club.
You see here a helmet.
i - a helmet The hobgoblin hits you but does no damage.
The hobgoblin hits you but does no damage.
You hit the dart slug. The hobgoblin misses you.
You hit the dart slug but do no damage. The dart slug closely misses you.
The hobgoblin hits you with a club.
You take 2 damage, and have 11/13 hp.
You hit the dart slug but do no damage. The dart slug launches a dart at you.
The slug dart misses you. The hobgoblin hits you with a club.
You take 3 damage, and have 8/13 hp.
MASSIVE DAMAGE!!
You hit the dart slug but do no damage. The dart slug bites you.
The hobgoblin misses you.
You take 2 damage, and have 6/13 hp.
You hit the dart slug but do no damage. The hobgoblin barely misses you.
The dart slug completely misses you.
You hit the dart slug but do no damage. The hobgoblin hits you with a club.
You take 2 damage, and have 4/13 hp.
You hit the dart slug. The dart slug launches a dart at you.
The slug dart hits you!
You die...

## #....# .. .....# #..
#.... #..##.#.# #.$#....#
#.......###.#
#...w......# ###..g@..#
#...?....# #.###.$...##.#
###########
#............#
#.........#
####.....##.###+###.###.#
#.....##.#.+.....'.#.#
###.####.#.#######.#)#
#####.####.'....'....'.#
#.......##.#.#####+#.#.#


You could see a dart slug and a hobgoblin.

Vanquished Creatures
  A giant gecko (D:1)
  A goblin (D:1)
  A hobgoblin (D:1)
3 creatures vanquished.

Notes
Turn   | Place    | Note
--------------------------------------------------------------
     0 | D:1      | shklvsk the Merfolk Summoner began the quest for the Orb.
     0 | D:1      | Reached XP level 1. HP: 13/13 MP: 3/3
   103 | D:1      | Killed from afar by a dart slug

Action                   || total
-------------------------++-------
Melee: Whip              ||    25
Armor: Robe              ||     5
Dodge: Dodged            ||    18

Vault maps used:
D:1:      shiori_arrival_maze, minmay_misc_feat_hallway

Table legend:
 A = Turns spent in this place as a percentage of turns spent in the entire game.
 B = Non-inter-level travel turns spent in this place as a percentage of non-inter-level travel turns spent in the entire game.
 C = Inter-level travel turns spent in this place as a percentage of turns spent in this place.
 D = Turns resting spent in this place as a percentage of non-inter-level travel turns spent in this place.
 E = Turns spent auto-exploring this place as a percentage of non-inter-level travel turns spent in this place.
 F = Non-inter-level travel turns spent in this place divided by the number of levels of this place that you've seen.
                   A       B       C       D       E      F
               +-------+-------+-------+-------+-------+----------------------
         Total | 100.0 | 100.0 |   0.0 |   0.0 |  12.9 |  70.0
       Dungeon | 100.0 | 100.0 |   0.0 |   0.0 |  12.9 |  70.0
               +-------+-------+-------+-------+-------+----------------------

Table legend:
 A = Kills in this place as a percentage of kills in entire the game.
 B = Kills by you in this place as a percentage of kills by you in the entire game.
 C = Kills by friends in this place as a percentage of kills by friends in the entire game.
 D = Other kills in this place as a percentage of other kills in the entire game.
 E = Experience gained in this place as a percentage of experience gained in the entire game.
 F = Experience gained in this place divided by the number of levels of this place that you have seen.
                   A       B       C       D       E      F
               +-------+-------+-------+-------+-------+----------------------
         Total | 100.0 | 100.0 |  -nan |  -nan | 100.0 |   7.0
       Dungeon | 100.0 | 100.0 |  -nan |  -nan | 100.0 |   7.0
               +-------+-------+-------+-------+-------+----------------------
